 Dungeon Crawl Stone Soup version 0.31.0-11-ge490571c62 (webtiles) character file.

Game seed: 11502949996503778508

38 mandarbmax the Cutter (level 3, -2/23 HPs)
             Began as a Kobold Fighter on Feb 3, 2024.
             Slain by Jessica
             ... wielding a +0 club
              (7 damage)
             ... on level 2 of the Dungeon.
             The game lasted 00:03:04 (1226 turns).

mandarbmax the Cutter (Kobold Fighter)              Turns: 1226, Time: 00:03:05

Health: -2/23      AC:  6    Str: 19    XL:     3   Next: 65%
Magic:  3/3        EV: 11    Int:  9    God:
Gold:   112        SH: 10    Dex: 16    Spells: 2/2 levels left

rFire   . . .        a - +0 rapier
rCold   . . .        c - +0 buckler
rNeg    . . .        b - +0 scale mail
rPois   .            (no helmet)
rElec   .            (no cloak)
rCorr   .            (no gloves)
SInv    .            (no boots)
Will    .....        k - amulet of reflection
Stlth   +            l - +6 ring of strength
HPRegen 0.23/turn    (no ring)
MPRegen 0.08/turn

%: reflection
@: mighty
A: small, no large weapons, nightstalker 3
a: no special abilities


You were on level 2 of the Dungeon.
You visited 1 branch of the dungeon, and saw 2 of its levels.

You collected 112 gold pieces.

Inventory:

Hand Weapons
 a - a +0 rapier (weapon)
Armour
 b - a +0 scale mail (worn)
 c - a +0 buckler (worn)
 t - the +2 pair of boots of Free Expression {Regen+ Str-4 Int+6}
   (You found it on level 2 of the Dungeon)

   Str-4:     It affects your strength (-4).
   Int+6:     It affects your intelligence (+6).
   Regen+:    It increases your rate of health regeneration.
Jewellery
 k - an amulet of reflection (around neck)
 l - a +6 ring of strength (left hand)
Scrolls
 e - 2 scrolls of identify {unknown}
 g - 3 scrolls of teleportation {unknown}
 h - a scroll of poison {unknown}
 m - a scroll of fear {unknown}
 n - 2 scrolls of enchant weapon {unknown}
 p - a scroll of acquirement {unknown}
 q - a scroll of vulnerability {unknown}
Potions
 f - a potion of attraction {unknown}
 i - a potion of brilliance {unknown}
 j - 2 potions of ambrosia {unknown}
 o - 2 potions of heal wounds {unknown}
 r - a potion of haste {unknown}
 s - 2 potions of berserk rage {unknown}


   Skills:
 - Level 3.2 Fighting
 * Level 5.0 Short Blades
 - Level 2.4 Armour
 - Level 2.4 Shields


You had 2 spell levels left.
You didn't know any spells.
Your spell library contained the following spells:

 Spells                   Type           Power      Damage    Failure   Level
 Apportation              Tloc           0%         N/A       83%         1
 Jinxbite                 Hex            0%         N/A       93%         2
 Fugue of the Fallen      Necr           0%         N/A       99%         3
 Ozocubu's Armour         Ice            0%         N/A       99%         3
 Manifold Assault         Tloc           0%         N/A       100%        4
 Alistair's Intoxication  Alch           0%         N/A       100%        5


Dungeon Overview and Level Annotations

Branches:
Dungeon (2/15)

Altars:

Annotations:
D:2 Jessica


Innate Abilities, Weirdness & Mutations

You are small and have problems with some larger weapons.
You are completely attuned to the shadows.


Message History

Jessica blinks!
The goblin closely misses you.
You barely miss the goblin. You block the goblin's attack.
You closely miss the goblin. You block the goblin's attack.
A ball python comes into view.
You barely miss the goblin. The giant cockroach bites you.
The goblin hits you with a +0 club. Jessica gestures at you while chanting.
You barely resist. You hit the goblin but do no damage.
The giant cockroach bites you but does no damage.
The goblin hits you but does no damage. You block the giant cockroach's attack.
You hit Jessica but do no damage. Jessica misses you.
You block Jessica's attack. You block the goblin's attack.
The giant cockroach misses you.
The ball python bites you but does no damage.
The ball python barely misses you.
You closely miss Jessica.
Jessica points at you and mumbles some strange words.
Pain shoots through your body!
Ouch! That really hurt!
The giant cockroach barely misses you. The goblin barely misses you.
A ribbon worm comes into view.
The ball python misses you. The ball python closely misses you.
Jessica gestures at you while chanting. You resist with some effort.
The giant cockroach attacks as it pursues you!
The giant cockroach bites you.
* * * LOW HITPOINT WARNING * * *
You block Jessica's attack. You block the ball python's attack.
The ball python grabs you. The ball python constricts you.
You escape the ball python's grasp.
The ball python bites you but does no damage.
The ball python completely misses you. You block Jessica's attack.
You hit Jessica but do no damage. Jessica hits you with a +0 club.
* * * LOW HITPOINT WARNING * * *
You block Jessica's attack.
You feel very mighty all of a sudden. Jessica hits you with a +0 club!
You die...

#...# ###.###
......# . #...#
......# #.###.###
#.....###
#.......#
#.......#
####.##.# #....#
#.##.# #.....
###....# ####Bw...
#....### #.@@S....
#....# #.##.>...
#....#####.###....
#..........# .###
#....####### ##
#....# ..#### ##


You could see a ribbon worm, Jessica (fast), a giant cockroach and a ball
python.

Vanquished Creatures
  4 ball pythons (D:1)
  2 bats (D:1)
  6 endoplasms
  4 hobgoblins
  5 jackals (D:1)
  2 kobolds (D:2)
  A quokka (D:1)
  2 goblins
  6 rats (D:1)
32 creatures vanquished.

Notes
Turn   | Place    | Note
-------+----------+-------------------------------------------
     0 | D:1      | mandarbmax the Kobold Fighter began the quest for the Orb.
     0 | D:1      | Reached XP level 1. HP: 14/14 MP: 1/1
    40 | D:1      | Reached skill level 3 in Short Blades
   178 | D:1      | Reached XP level 2. HP: 15/19 MP: 2/2
   291 | D:1      | Reached skill level 4 in Short Blades
   502 | D:1      | Reached XP level 3. HP: 23/23 MP: 3/3
  1140 | D:2      | Reached skill level 5 in Short Blades
  1190 | D:2      | Identified the +2 pair of boots of Free Expression {Regen+
                  | Str-4 Int+6}
  1212 | D:2      | Noticed Jessica
  1226 | D:2      | Slain by Jessica

Illustrated notes

Levels and vault maps discovered:
D:1:      orjb1_lava_funnel, layout_basic
D:2:      layout_basic, uniq_crazy_yiuf_cottage, uniq_jessica, uniq_terence

Skill      XL: |  1  2  3 |
---------------+----------+-----
Short Blades   | 3 4 5 |  5.0
Fighting       | |  3.2
Armour         | |  2.4
Shields        | |  2.4

Action                     || total
---------------------------++-------
  Melee: Rapier            ||   112
    Use: Potion            ||     1
 Armour: Scale mail        ||    59
  Dodge: Dodged            ||    45
  Block: Buckler           ||    32
         Reflection        ||     1
